 Dungeon Crawl Stone Soup version 0.31-a0-240-gb923e448b6 (webtiles) character file.

Game seed: 3394803177482397223

100 qw the Shooter (level 4, -7/36 HPs)
             Began as a Minotaur Hexslinger on July 11, 2023.
             Mangled by Pargi (8 damage)
             ... on level 3 of the Dungeon.
             The game lasted 00:00:47 (2240 turns).

qw the Shooter (Minotaur Hexslinger)                Turns: 2240, Time: 00:00:48

Health: -7/36      AC:  3    Str: 18    XL:     4   Next: 46%
Magic:  4/4        EV: 12    Int: 10    God:
Gold:   201        SH:  0    Dex: 15    Spells: 4/5 levels left

rFire   . . .        Y - +2 sling
rCold   . . .        (no shield)
rNeg    . . .        c - +0 robe
rPois   .            (helmet restricted)
rElec   .            h - +0 cloak
rCorr   .            (no gloves)
SInv    .            (no boots)
Will    .....        e - amulet of faith
Stlth   +            b - +6 ring of strength
HPRegen 0.26/turn    (no ring)
MPRegen 0.09/turn

%: faith
@: no status effects
A: horns 2, retaliatory headbutt
a: no special abilities


You were on level 3 of the Dungeon.
You visited 1 branch of the dungeon, and saw 3 of its levels.

You collected 201 gold pieces.


Innate Abilities, Weirdness & Mutations

You have a pair of horns on your head.
You reflexively headbutt those who attack you in melee.


   Skills:
 + Level 2.0 Fighting
 - Level 5.0 Ranged Weapons
 - Level 2.1 Dodging
 - Level 1.0 Spellcasting
 - Level 2.0 Hexes


You had 4 spell levels left.
You knew the following spells:

 Your Spells              Type           Power      Damage    Failure   Level
a - Slow                  Hex            16%        N/A       16%         1

Your spell library contained the following spells:

 Spells                   Type           Power      Damage    Failure   Level
 Inner Flame              Hex/Fire       2%         N/A       56%         3
 Portal Projectile        Hex/Tloc       4%         N/A       56%         3
 Cause Fear               Hex            2%         N/A       83%         4

Inventory:

Hand Weapons
 Y - a +2 sling (weapon)
Armour
 c - a +0 robe (worn)
 h - a +0 cloak (worn)
 l - a +0 ring mail
Jewellery
 b - a +6 ring of strength (left hand)
 e - an amulet of faith (around neck)
 n - a ring of flight
Scrolls
 p - a scroll of identify {unknown}
 q - a scroll of immolation {unknown}
Potions
 a - a potion of enlightenment {unknown}
 d - a potion of cancellation
 f - a potion of brilliance {unknown}
 g - a potion of might
 i - a potion of mutation {unknown}
 j - a potion of heal wounds {unknown}
 k - 2 potions of haste
 m - a potion of lignification {unknown}
 o - a potion of curing {unknown}

Dungeon Overview and Level Annotations

Branches:
Dungeon (3/15)

Altars:
Yredelemnul
Zin

Shops:
D:1 [

Annotations:
D:3 Pargi


Message History

Enter note: You shoot a sling bullet.
The sling bullet barely misses Pargi.
Pargi shouts!
You shoot a sling bullet. The sling bullet hits Pargi.
Pargi is lightly wounded.
You shoot a sling bullet. The sling bullet closely misses Pargi.
Pargi is nearby!
Enter note:
Enter note:
Enter note:
Enter note: You shoot a sling bullet.
The sling bullet barely misses Pargi.
You shoot a sling bullet. The sling bullet closely misses Pargi.
You shoot a sling bullet. The sling bullet barely misses Pargi.
Pargi closely misses you. Pargi claws you but does no damage. Pargi claws you.
You shoot a sling bullet. The sling bullet hits Pargi.
Pargi is lightly wounded.
Pargi bites you. Pargi claws you. Pargi claws you but does no damage.
You shoot a sling bullet. The sling bullet barely misses Pargi.
Pargi bites you. Pargi claws you but does no damage. Pargi claws you.
You shoot a sling bullet. The sling bullet closely misses Pargi.
Pargi bites you. Pargi misses you. Pargi barely misses you.
You shoot a sling bullet.
The sling bullet hits Pargi but does no damage.
Pargi is lightly wounded.
Pargi closely misses you. Pargi claws you. x2
You shoot a sling bullet. The sling bullet barely misses Pargi.
Pargi bites you. Pargi completely misses you. Pargi barely misses you.
You shoot a sling bullet. The sling bullet closely misses Pargi.
Pargi bites you. Pargi misses you. Pargi claws you. Pargi barely misses you.
You furiously retaliate!
You headbutt Pargi, but do no damage. Pargi completely misses you.
Pargi claws you.
You shoot a sling bullet. The sling bullet hits Pargi.
Pargi is lightly wounded.
Pargi closely misses you. You furiously retaliate!
You headbutt Pargi! Pargi claws you but does no damage. Pargi claws you.
You shoot a sling bullet. The sling bullet hits Pargi.
Pargi is heavily wounded.
Pargi bites you!
You die...

#.# ##.##
#.##.....##.# #.# #.#
#.#.......#.# #.#
#.### #............
#.######...#
#............
#..........#
#..#.......%.
##########.##
#..##...#....
##...####............
#..#T....[.###......#
#...@#..#..# #.####.#
#.#.#..###..##.####.#
#>#. .## ##.......%[.
#.#. #+ #........#
#.#. ##....<... ...
##..#####.# #...
##.........# ###.)
##..#########
#.%#).##


You could see Pargi.

Vanquished Creatures
  Jessica (D:3)
  An adder (D:2)
  A worm (D:3)
  A dart slug (D:3)
  5 orcs (D:3)
  6 bats
  An endoplasm (D:3)
  5 giant cockroaches
  4 hobgoblins
  3 kobolds
  3 quokkas
  4 ball pythons
  A frilled lizard (D:2)
  7 goblins
  8 rats
  A spectral orc (D:3)
52 creatures vanquished.

Notes
Turn   | Place    | Note
-------+----------+-------------------------------------------
     0 | D:1      | qw the Minotaur Hexslinger began the quest for the Orb.
     0 | D:1      | Reached XP level 1. HP: 16/16 MP: 1/1
     0 | D:1      | 0 ||| qw: Version: 0.3-a-52-g30416fa
     0 | D:1      | 0 ||| qw: Game counter: 6127
     0 | D:1      | 0 ||| qw: Melee chars always use a shield: true
     0 | D:1      | 0 ||| qw: God list: Okawaru
     0 | D:1      | 0 ||| qw: Allow faded altars: false
     0 | D:1      | 0 ||| qw: Do Orc after clearing Dungeon:15 true
     0 | D:1      | 0 ||| qw: Do second Lair branch before Depths: true
     0 | D:1      | 0 ||| qw: Lair rune preference: random
     0 | D:1      | 0 ||| qw: Goals: Normal
     0 | D:1      | 0 ||| PLANNING D:1-11
    15 | D:1      | Found Siptassa's Antique Armour Boutique.
    36 | D:1      | 36 ||| SHOPLISTING leather armour (50 gold, have 0).
    36 | D:1      | 36 ||| SHOPLISTING pair of runed gloves (187 gold, have 0).
    36 | D:1      | 36 ||| SHOPLISTING ring mail (100 gold, have 0).
    36 | D:1      | 36 ||| SHOPLISTING runed leather armour (125 gold, have 0).
   294 | D:1      | You fall into a shaft and drop 1 floor!
   305 | D:2      | 305 ||| UPGRADING to +0 cloak.
   310 | D:2      | 310 ||| UPGRADING to amulet of faith.
   315 | D:2      | 315 ||| READING scroll labelled CAYJUFIFOO.
   316 | D:2      | 316 ||| DRINKING 2 smoky orange potions.
   317 | D:2      | 317 ||| DROPPING scroll of poison.
   325 | D:2      | Reached skill level 3 in Ranged Weapons
   325 | D:2      | Reached XP level 2. HP: 19/23 MP: 2/2
   846 | D:1      | 846 ||| UPGRADING to +6 ring of strength.
   847 | D:1      | 847 ||| READING scroll labelled ZEATTU WECSUST.
   848 | D:1      | 848 ||| READING scroll labelled BOIRACKATE.
  1045 | D:2      | Reached XP level 3. HP: 29/29 MP: 3/3
  1087 | D:2      | Found a faded altar of an unknown god.
  1493 | D:2      | 1493 ||| READING scroll labelled ASCHAH RUMENI.
  1494 | D:2      | 1494 ||| READING scroll labelled DIEBAXA MIJUYB.
  1495 | D:2      | 1495 ||| DRINKING 2 blue potions.
  1496 | D:2      | 1496 ||| DRINKING 2 lumpy coppery potions.
  1550 | D:3      | Reached skill level 4 in Ranged Weapons
  1625 | D:3      | Found a basalt altar of Yredelemnul.
  1685 | D:3      | Found a glowing silver altar of Zin.
  1688 | D:3      | Noticed Jessica
  1696 | D:3      | Killed Jessica
  1697 | D:3      | Reached XP level 4. HP: 19/36 MP: 4/4
  1957 | D:3      | Reached skill level 5 in Ranged Weapons
  1974 | D:3      | Noticed Pargi
  1988 | D:3      | HP: 9/36 [Pargi (2)]
  1989 | D:3      | 1989 ||| READING scroll of teleportation.
  2237 | D:3      | HP: 7/36 [Pargi (5)]
  2238 | D:3      | HP: 3/36 [Pargi (2)]
  2238 | D:3      | HP: 1/36 [Pargi (2)]
  2240 | D:3      | Mangled by Pargi

Levels and vault maps discovered:
D:1:      scummos_arrival_forest, layout_basic, serial_shops, shop,
          serial_park_tiny_2
D:2:      layout_loops_ring, shapermc_ecumenical_altar_mp_vishouse,
          wander_ebering_terrifying_dragon_lair
D:3:      layout_loops_ring, nemelex_diamond_rough_becter, zin_academy,
          yredelemnul_forgotten_temple_becter, uniq_pargi, uniq_jessica

Skill      XL: |  1  2  3  4 |
---------------+-------------+-----
Ranged Weapons | 3 4 5 |  5.0
Fighting       | 2 |  2.0
Dodging        | |  2.1
Spellcasting   | |  1.0
Hexes          | |  2.0

Action                     |  1- 3 |  4- 6 || total
---------------------------+-------+-------++-------
   Fire: Sling             |   108 |    61 ||   169
    Use: Scroll            |     5 |     1 ||     6
         Potion            |     3 |       ||     3
 Armour: Robe              |     8 |    13 ||    21
  Dodge: Dodged            |    37 |    39 ||    76

Table legend:
 A = Non-vault XP
 B = Vault XP
 C = Vault XP percentage of total XP
 D = Non-vault monster count
 E = Vault monster count
 F = Vault count percentage of total count
                 A         B        C        D         E       F
            +---------+---------+-------+---------+---------+-------
      Total |     104 |      39 |  27.3 |      49 |       3 |   5.8
            +---------+---------+-------+---------+---------+-------
        D:1 |      20 |       0 |   0.0 |      13 |       0 |   0.0
        D:2 |      31 |       1 |   3.1 |      14 |       1 |   6.7
        D:3 |      53 |      38 |  41.8 |      22 |       2 |   8.3
            +---------+---------+-------+---------+---------+-------
